 Dungeon Crawl Stone Soup version 0.17.1-2-g5865329 (webtiles) character file.

570 Grim the Jinx (level 7, 0/32 HPs)
             Began as a Spriggan Enchanter on Feb 17, 2016.
             Slain by a worker ant (3 damage)
             ... on level 4 of the Dungeon.
             The game lasted 00:17:58 (4846 turns).

Grim the Jinx (Spriggan Enchanter)                  Turns: 4846, Time: 00:17:59

Health: 0/32       AC:  3    Str:  4    XL:     7   Next: 11%
Magic:  2/12       EV: 13    Int: 18    God:
Gold:   232        SH:  0    Dex: 17    Spells: 3 memorised, 5 levels left

rFire  . . .     SeeInvis +     a - +1 dagger
rCold  . . .     Clarity  .     b - +1 robe
rNeg   . . .     SustAt   .     (shield restricted)
rPois  .         Gourm    .     (helmet restricted)
rElec  .         Spirit   .     (no cloak)
rCorr  .         Warding  .     (gloves unavailable)
rMut   .         Stasis   .     (boots unavailable)
MR     ++...                    r - amulet of rage
Stlth  +++.......               t - ring of flight
                                o - ring of protection from magic

@: very quick, very resistant to hostile enchantments, fairly stealthy
A: unfitting armour, see invisible, herbivore 3, speed 3, slow metabolism 2
a: Evoke Berserk Rage, Evoke Flight


You were on level 4 of the Dungeon.
You were hungry.

You visited 1 branch of the dungeon, and saw 4 of its levels.

You collected 232 gold pieces.

Inventory:

Hand Weapons
 a - a +1 dagger (weapon)
Armour
 b - a +1 robe (worn)
Jewellery
 o - a ring of protection from magic (left hand)
 r - an amulet of rage (around neck)
 t - a ring of flight (right hand)
 x - an uncursed amulet of clarity {unknown}
Scrolls
 e - 2 scrolls of blinking {unknown}
 g - 2 scrolls of remove curse
 i - a scroll of amnesia {unknown}
 j - 2 scrolls of magic mapping
 k - a scroll of fear {unknown}
 p - a scroll of enchant armour {unknown}
 q - a scroll of enchant weapon {unknown}
 u - 2 scrolls of noise {unknown}
Potions
 f - a potion of ambrosia {unknown}
 h - a potion of flight {unknown}
 l - 2 potions of berserk rage
 n - a potion of heal wounds {unknown}
 s - a potion of poison {unknown}
Books
 c - a book of Maledictions

   Spells                             Type                      Level
   a - Corona                         Hexes                        1
   b - Ensorcelled Hibernation        Hexes/Ice                    2
   c - Confuse                        Hexes                        3
   d - Tukima's Dance                 Hexes                        3
   e - Dazzling Spray                 Conjuration/Hexes            3
Comestibles
 d - 3 bread rations
 m - 5 fruits
 v - a royal jelly
 w - a slice of pizza


   Skills:
 - Level 3.0 Short Blades
 - Level 3.0 Dodging
 - Level 4.4 Stealth
 - Level 2.6 Spellcasting
 + Level 8.6 Hexes
 - Level 2.0 Ice Magic


You had 5 spell levels left.
You knew the following spells:

 Your Spells              Type           Power        Failure   Level  Hunger
a - Corona                Hex            ####...      1%          1    #......
b - Ensorcelled Hibernat  Hex/Ice        ###...       2%          2    ##.....
c - Confuse               Hex            ####....     1%          3    ###....


Dungeon Overview and Level Annotations

Branches:
Dungeon (4/15)
 Temple: D:4-7

Altars:
Ashenzari
Ru
Vehumet


Innate Abilities, Weirdness & Mutations

You are tiny and cannot use many weapons and most armour.
You have supernaturally acute eyesight.
You are a herbivore.
You cover ground extremely quickly.
You need consume almost no food.


Message History

Confirm with . or Enter, or press ? or * to list all spells.
Aiming: Corona
Press: ? - help, Shift-Dir - straight line, f/p - worker ant
Aim: a worker ant (severely wounded, chance to defeat MR: 79%)
The worker ant is outlined in light.
The worker ant completely misses you.
You barely miss the worker ant.
The worker ant is severely wounded.
The worker ant bites you.
* * * LOW HITPOINT WARNING * * *
You hit the worker ant.
The worker ant is almost dead.
The worker ant bites you!
* * * LOW HITPOINT WARNING * * *
Things that are here:
a dagger; an orc skeleton
Found a stone staircase leading up.
Found a stone staircase leading down.
There is a stone staircase leading up here.
The worker ant bites you.
You die...

## ####!. #### ..#.
##... #.. ##.... # #.##
......#.##..###########.
.......##......a@......>
#.. #......#####.#.#....
..##.#.....# #.# # . ..#
##.....#####.#.#..
..###...#))....#.#...
#...........!..#.#..#
##.[.#.......%.#.#..#
.....#.#.......#.#..#
..(..#.#.......#.#..#


You could see a worker ant.

Vanquished Creatures
  The ghost of Rationalist the Skirmisher, an amateur DsBe of Trog (D:4)
  A big kobold (D:3)
  A hound (D:4)
  Ijyb (D:2)
  Jessica (D:3)
  Terence (D:3)
  An orc wizard (D:4)
  A worker ant (D:4)
  Robin (D:3)
  6 adders
  5 gnolls
  3 oozes
  3 worms
  6 orcs
  2 giant cockroaches
  6 hobgoblins
  8 kobolds
  4 quokkas
  A ball python (D:2)
  2 bats
  2 giant geckos
  3 giant newts
  22 goblins
  8 jackals
  5 rats
95 creatures vanquished.

Notes
Turn   | Place    | Note
--------------------------------------------------------------
     0 | D:1      | Grim the Spriggan Enchanter began the quest for the Orb.
     0 | D:1      | Reached XP level 1. HP: 9/9 MP: 5/5
   241 | D:1      | Reached XP level 2. HP: 8/13 MP: 2/6
   846 | D:1      | Learned a level 2 spell: Ensorcelled Hibernation
   866 | D:1      | Reached XP level 3. HP: 16/16 MP: 5/8
  1459 | D:2      | Reached skill level 5 in Hexes
  1459 | D:2      | Reached XP level 4. HP: 21/21 MP: 4/9
  1671 | D:2      | Noticed Ijyb
  1679 | D:2      | Killed Ijyb
  1735 | D:2      | Learned a level 3 spell: Confuse
  1797 | D:2      | Found a shattered altar of Ashenzari.
  1932 | D:3      | Noticed Terence
  1935 | D:3      | Killed Terence
  1935 | D:3      | Reached skill level 6 in Hexes
  1935 | D:3      | Reached XP level 5. HP: 24/24 MP: 1/10
  1951 | D:3      | Found a radiant altar of Vehumet.
  2532 | D:3      | Found a sacrificial altar of Ru.
  2892 | D:3      | Noticed Jessica
  3066 | D:3      | Killed Jessica
  3066 | D:3      | Reached skill level 7 in Hexes
  3074 | D:3      | Noticed a big kobold
  3258 | D:3      | Noticed Robin
  3638 | D:3      | Killed a big kobold
  3638 | D:3      | Reached skill level 1 in Ice Magic
  3638 | D:3      | Reached XP level 6. HP: 28/28 MP: 6/11
  4072 | D:3      | Killed Robin
  4359 | D:4      | Noticed Rationalist's ghost (amateur DsBe)
  4384 | D:4      | Killed Rationalist's ghost
  4384 | D:4      | Reached skill level 8 in Hexes
  4672 | D:4      | Reached XP level 7. HP: 30/32 MP: 9/12
  4846 | D:4      | Slain by a worker ant

Action                   |  1- 3 |  4- 6 |  7- 9 || total
-------------------------+-------+-------+-------++-------
Melee: Dagger            |    80 |   193 |    16 ||   289
 Cast: Corona            |    24 |     8 |     2 ||    34
       Ensorcelled Hiber |     6 |    28 |       ||    34
       Confuse           |       |    39 |     4 ||    43
  Use: Scroll            |       |     5 |       ||     5
       Potion            |       |     2 |       ||     2
 Stab: Sleeping          |    14 |    26 |     1 ||    41
       Confused          |       |    16 |     1 ||    17
  Eat: Bread ration      |       |     1 |       ||     1
       Fruit             |       |     2 |       ||     2
